 Dungeon Crawl Stone Soup version 0.30.0-29-ga12c61a403 (webtiles) character file.

Game seed: 6928175110188564236

25 GimliDwarf the Grasshopper (level 3, -1/31 HPs)
             Began as a Gnoll Warper on June 8, 2023.
             Slain by a hobgoblin (2 damage)
             ... led by Robin
             ... on level 2 of the Dungeon.
             The game lasted 00:02:49 (685 turns).

GimliDwarf the Grasshopper (Gnoll Warper)            Turns: 685, Time: 00:02:49

Health: -1/31      AC:  4    Str: 10    XL:     3   Next: 4%
Magic:  9/9        EV: 13    Int: 12    God:
Gold:   55         SH:  0    Dex: 13    Spells: 9/12 levels left

rFire   . . .        a - +0 falchion
rCold   . . .        (no shield)
rNeg    . . .        b - +0 leather armour
rPois   .            (no helmet)
rElec   .            g - +0 cloak
rCorr   .            (no gloves)
SInv    .            (no boots)
Will    .....        (no amulet)
Stlth   +            (no ring)
HPRegen 0.25/turn    (no ring)
MPRegen 0.11/turn

%: no passive effects
@: no status effects
A: fangs 1, strong nose, distributed training
a: no special abilities


You were on level 2 of the Dungeon.
You visited 1 branch of the dungeon, and saw 2 of its levels.

You collected 55 gold pieces.

Inventory:

Hand Weapons
 a - a +0 falchion (weapon)
Missiles
 d - 7 boomerangs of dispersal (quivered)
Armour
 b - a +0 leather armour (worn)
 g - a +0 cloak (worn)
Scrolls
 c - a scroll of blinking
 f - a scroll of magic mapping {unknown}
 h - 2 scrolls of enchant weapon {unknown}
 j - a scroll of enchant armour {unknown}
Potions
 e - a potion of curing {unknown}
 i - a potion of heal wounds {unknown}


   Skills:
 + Level 4.5 Fighting
 + Level 0.6 Short Blades
 + Level 4.5 Long Blades
 + Level 0.6 Axes
 + Level 0.6 Maces & Flails
 + Level 0.6 Polearms
 + Level 0.6 Staves
 + Level 0.6 Ranged Weapons
 + Level 2.5 Throwing
 + Level 2.5 Armour
 + Level 4.5 Dodging
 + Level 0.6 Stealth
 + Level 0.6 Shields
 + Level 0.6 Unarmed Combat
 + Level 5.0 Spellcasting
 + Level 0.4 Conjurations
 + Level 0.4 Hexes
 + Level 0.4 Summonings
 + Level 0.4 Necromancy
 + Level 5.4 Translocations
 + Level 0.4 Transmutations
 + Level 0.4 Fire Magic
 + Level 0.4 Ice Magic
 + Level 0.4 Air Magic
 + Level 0.4 Earth Magic
 + Level 0.4 Poison Magic
 + Level 0.8 Invocations
 + Level 0.6 Evocations


You had 9 spell levels left.
You knew the following spells:

 Your Spells              Type           Power      Damage    Failure   Level
a - Blink                 Tloc           30%        N/A       4%          2
b - Freeze                Ice            16%        1d4       22%         1

Your spell library contained the following spells:

 Spells                   Type           Power      Damage    Failure   Level
 Lesser Beckoning         Tloc           30%        N/A       4%          2
 Teleport Other           Tloc           15%        N/A       9%          3
 Vhi's Electric Charge    Tloc/Air       20%        N/A       24%         3
 Manifold Assault         Tloc           15%        N/A       28%         4
 Cigotuvi's Dreadful Rot  Necr/Pois/Air  8%         N/A       32%         2
 Frozen Ramparts          Ice            8%         1d2       54%         3
 Hailstorm                Conj/Ice       4%         3d4       54%         3
 Ignite Poison            Fire/Tmut/Pois 4%         N/A       54%         3
 Freezing Cloud           Conj/Ice/Air   2%         6-21      99%         5


Dungeon Overview and Level Annotations

Branches:
Dungeon (2/15)

Altars:

Annotations:
D:2 Robin


Innate Abilities, Weirdness & Mutations

You have very sharp teeth.
Your uncanny sense of smell can sniff out nearby items.
Your experience applies equally to all skills.


Message History

The goblin no longer looks unusually strong.
The goblin attacks as you move away! The goblin hits you but does no damage.
The hobgoblin hits you. The hobgoblin attacks as you move away!
The hobgoblin closely misses you.
You hit the hobgoblin but do no damage. The hobgoblin hits you.
You hit the hobgoblin.
The hobgoblin is heavily wounded.
The hobgoblin completely misses you.
You closely miss the hobgoblin.
The hobgoblin is heavily wounded.
The hobgoblin hits you but does no damage.
You closely miss the hobgoblin.
You bite the hobgoblin, but do no damage.
The hobgoblin is heavily wounded.
The hobgoblin closely misses you.
Robin roars a battlecry!
The goblin goes into a battle-frenzy!
You completely miss the hobgoblin. You bite the hobgoblin.
The hobgoblin is almost dead.
The hobgoblin barely misses you. Robin throws the goblin at you!
You barely miss the hobgoblin.
The hobgoblin is almost dead.
The goblin hits you with a +0 club. The hobgoblin hits you.
* * * LOW HITPOINT WARNING * * *
You closely miss the goblin. The goblin hits you with a +0 club.
* * * LOW HITPOINT WARNING * * *
The hobgoblin barely misses you.
You closely miss the goblin. You bite the goblin.
The goblin is moderately wounded.
The goblin closely misses you. The hobgoblin hits you.
* * * LOW HITPOINT WARNING * * *
You hit the goblin.
You kill the goblin!
The hobgoblin no longer looks unusually strong.
The goblin no longer looks unusually strong.
Robin roars a battlecry!
The hobgoblin goes into a battle-frenzy!
The hobgoblin hits you but does no damage.
The hobgoblin hits you.
You die...

#. ..# #.. ...
#.# #.# ...#.#
#.#.##
#..[.######## ∆
#.g......(#
#####g#..####.#
#.)@gg#)g.....+
#)#####.#..##.#
#. #.# #g#..#
#.. #.# #.# .#
#.. #.# #g# ..
####.# #.# ...
..
#<##.#######.#
... ...
#.##.##......#
...
#.##.##.#.####
....#


You could see Robin, 2 hobgoblins and a goblin (strong).

Vanquished Creatures
  A worm (D:2)
  A bat (D:1)
  3 endoplasms (D:1)
  A giant cockroach (D:1)
  10 goblins
  A hobgoblin (D:2)
  A frilled lizard (D:1)
  A kobold (D:1)
  A rat (D:1)
20 creatures vanquished.

Notes
Turn   | Place    | Note
-------+----------+-------------------------------------------
     0 | D:1      | GimliDwarf the Gnoll Warper began the quest for the Orb.
     0 | D:1      | Reached XP level 1. HP: 20/20 MP: 6/6
   153 | D:1      | Reached XP level 2. HP: 26/26 MP: 7/7
   156 | D:1      | Learned a level 2 spell: Blink
   292 | D:1      | Learned a level 1 spell: Freeze
   658 | D:2      | Noticed Robin
   665 | D:2      | Reached skill level 5 in Spellcasting
   665 | D:2      | Reached XP level 3. HP: 26/31 MP: 7/9
   684 | D:2      | HP: 1/31 [hobgoblin[Robin] (4)]
   685 | D:2      | Slain by a hobgoblin

Illustrated notes

Levels and vault maps discovered:
D:1:      lightli_arrival_chessboard, layout_basic
D:2:      layout_basic, serial_shops, shop_fountains, basic_altar,
          uniq_crazy_yiuf_cottage, uniq_robin

Skill      XL: |  1  2 |
---------------+-------+-----
Spellcasting   | 5 |  5.0
Fighting       | |  4.5
Short Blades   | |  0.6
Long Blades    | |  4.5
Axes           | |  0.6
Maces & Flails | |  0.6
Polearms       | |  0.6
Staves         | |  0.6
Ranged Weapons | |  0.6
Throwing       | |  2.5
Armour         | |  2.5
Dodging        | |  4.5
Stealth        | |  0.6
Shields        | |  0.6
Unarmed Combat | |  0.6
Conjurations   | |  0.4
Hexes          | |  0.4
Summonings     | |  0.4
Necromancy     | |  0.4
Translocations | |  5.4
Transmutations | |  0.4
Fire Magic     | |  0.4
Ice Magic      | |  0.4
Air Magic      | |  0.4
Earth Magic    | |  0.4
Poison Magic   | |  0.4
Invocations    | |  0.8
Evocations     | |  0.6

Action                     || total
---------------------------++-------
  Melee: Falchion          ||    66
         Bite              ||     7
   Cast: Blink             ||     1
         Freeze            ||     1
   Stab: Sleeping          ||     1
 Armour: Leather armour    ||    16
  Dodge: Dodged            ||    37
